 Dungeon Crawl Stone Soup version 0.21-a0-91-ga5031da (webtiles) character file.

270 Ordine the Slasher (level 6, -1/43 HPs)
             Began as an Octopode Fighter on June 28, 2017.
             Slain by a shadow imp (3 damage)
             ... on level 6 of the Dungeon.
             The game lasted 00:04:51 (2514 turns).

Ordine the Slasher (Octopode Fighter)               Turns: 2514, Time: 00:04:52

Health: -1/43      AC:  1    Str: 19    XL:     6   Next: 22%
Magic:  6/6        EV: 12    Int: 11    God:
Gold:   143        SH:  9    Dex: 13    Spells: 5/5 levels left

rFire    . . .     SeeInvis +   a - +0 long sword
rCold    . . .     Gourm    .   b - +0 shield
rNeg     . . .     Faith    .   (helmet restricted)
rPois    .         Spirit   .   (no amulet)
rElec    .         Reflect  .   f - +4 ring of strength
rCorr    .         Harm     .   k - ring of see invisible
MR       .....                  (no ring)
Stlth    ++........             (no ring)
HPRegen  0.14/turn              (no ring)
MPRegen  0.10/turn              (no ring)
                                (no ring)
                                (no ring)

@: no status effects
A: almost no armour, stealthy swim, amphibious, 8 rings, constrict 8, camouflage
1, gelatinous body 1
a: no special abilities


You were on level 6 of the Dungeon.
You were very hungry.

You visited 1 branch of the dungeon, and saw 5 of its levels.

You collected 143 gold pieces.

Inventory:

Hand Weapons
 a - a +0 long sword (weapon)
Armour
 b - a +0 shield (worn)
Jewellery
 f - a +4 ring of strength (left tentacle)
 k - a ring of see invisible (right tentacle)
Wands
 l - a wand of confusion (26/48)
Scrolls
 i - 5 scrolls of teleportation
 m - a scroll of remove curse
 q - 2 scrolls of recharging
Potions
 c - a potion of might
 e - 3 potions of mutation
 g - a potion of curing
 h - a potion of agility {unknown}
 j - 2 potions of degeneration {unknown}
 n - a potion of haste {unknown}
 o - a potion of heal wounds {unknown}
 p - a potion of lignification {unknown}
 u - a potion of flight {unknown}
Comestibles
 d - 3 bread rations
 r - a fruit
 s - 2 royal jellies
 v - 3 meat rations


   Skills:
 + Level 4.1 Fighting
 * Level 4.8 Long Blades
 - Level 3.0 Dodging
 + Level 4.1 Shields


You had 5 spell levels left.
You didn't know any spells.

Dungeon Overview and Level Annotations

Branches:
Dungeon (4/15)
 Temple: D:4-7

Altars:
Trog
Vehumet
Yredelemnul


Innate Abilities, Weirdness & Mutations

You cannot wear most types of armour.
You are very stealthy in the water. (Stealth+)
You are amphibious.
You can wear up to eight rings at the same time.
You can use your tentacles to constrict eight enemies at once.
Your skin changes colour to match your surroundings (Stealth+).
Your rubbery body absorbs attacks. (AC +1, EV +1)


Message History

The shadow imp gestures at you. Pain shoots through your body!
* * * LOW HITPOINT WARNING * * *
You closely miss the shadow imp. Your grab misses the shadow imp.
Your squeeze misses the shadow imp.
The shadow imp is heavily wounded.
You block the shadow imp's attack.
Unknown command.
You hit the shadow imp but do no damage.
You grab the shadow imp.
The shadow imp is heavily wounded.
You constrict the shadow imp. The shadow imp closely misses you.
You riposte.
You hit the shadow imp but do no damage.
The shadow imp is severely wounded.
You hit the shadow imp but do no damage.
The shadow imp is severely wounded.
You constrict the shadow imp. The shadow imp hits you.
* * * LOW HITPOINT WARNING * * *
The shadow imp hits you.
You die...

### ##..## ##...
######....##
##.....
#..........#
.......
#......#####
.......
#..##.....####
.......
##.####......###
....... #..
####.....##†......
#..# ####...@5..#
#..# ###...###
##.# ##..# ..##
..# ..## .. ...


You could see a shadow imp.

Vanquished Creatures
  A bullfrog (D:6)
  A hound (D:6)
  Jessica (D:3)
  Natasha (D:3)
  4 adders
  An ooze (D:4)
  3 worms
  4 dart slugs
  3 leopard geckos (D:3)
  2 orcs (D:3)
  A ball python (D:2)
  4 giant cockroaches
  8 goblins
  7 hobgoblins
  4 jackals (D:3)
  2 quokkas (D:3)
  5 bats
  3 frilled lizards
  8 kobolds
  A leopard gecko skeleton (D:6)
  6 rats
70 creatures vanquished.

Notes
Turn   | Place    | Note
-------+----------+-------------------------------------------
     0 | D:1      | Ordine the Octopode Fighter began the quest for the Orb.
     0 | D:1      | Reached XP level 1. HP: 16/16 MP: 1/1
   113 | D:1      | Reached XP level 2. HP: 18/21 MP: 2/2
   650 | D:2      | Reached XP level 3. HP: 19/26 MP: 3/3
   963 | D:2      | Found a basalt altar of Yredelemnul.
  1465 | D:3      | Reached XP level 4. HP: 24/31 MP: 4/4
  1795 | D:3      | Noticed Jessica
  1800 | D:3      | Killed Jessica
  1800 | D:3      | Reached XP level 5. HP: 25/37 MP: 5/5
  2018 | D:3      | Noticed Natasha
  2025 | D:3      | Killed Natasha
  2369 | D:4      | Found a bloodstained altar of Trog.
  2421 | D:4      | Found a radiant altar of Vehumet.
  2473 | D:4      | You fall through a shaft for 2 floors!
  2473 | D:6      | Noticed an orc warrior
  2510 | D:6      | Reached XP level 6. HP: 20/43 MP: 6/6
  2514 | D:6      | HP: 2/43 [shadow imp (4)]
  2514 | D:6      | Slain by a shadow imp

Vault maps used:
D:1:      dpeg_arrival_tiny_a
D:2:      yredelemnul_altar_generic, serial_corexii_hall,
          corexii_hall_statues_l, corexii_hall_statues_s
D:3:      serial_glass, glass_columns_a, glass_columns_a, uniq_natasha,
          uniq_jessica
D:4:      nicolae_overflow_hidden_temple, marbit_many_paths, bloody_trog,
          gammafunk_temple_overflow_claw, minmay_temple_entry_glassed_door,
          first_bread
D:6:      dancing_weapons_uskayaw

Skill      XL: |  1  2  3  4  5 |
---------------+----------------+-----
Long Blades    | 3 4 |  4.8
Fighting       | 4 |  4.1
Shields        | 4 |  4.1
Dodging        | |  3.0

Action                   |  1- 3 |  4- 6 || total
-------------------------+-------+-------++-------
Melee: Long sword        |    54 |    69 ||   123
       Constrict         |    17 |    19 ||    36
       Tentacles         |    11 |    16 ||    27
  Use: Scroll            |     5 |     2 ||     7
 Stab: Sleeping          |     9 |     7 ||    16
  Eat: Chunk             |       |     4 ||     4
Armor: Skin              |     2 |     6 ||     8
Dodge: Dodged            |    27 |    22 ||    49
Block: Shield            |    29 |    38 ||    67
       Rpst.: Long sword |     6 |     7 ||    13
